 Dungeon Crawl Stone Soup version 0.30-a0-578-gdee14c521f (webtiles) character file.

Game seed: 16900130976204757684

163 ryw the Grave Robber (level 5, -7/44 HPs)
             Began as a Hill Orc Necromancer on Dec 31, 2022.
             Mangled by a gnoll bouda
             ... wielding a +0 club
              (11 damage)
             ... on level 4 of the Dungeon.
             The game lasted 00:06:04 (3310 turns).

ryw the Grave Robber (Hill Orc Necromancer)         Turns: 3310, Time: 00:06:05

Health: -7/44      AC:  3    Str: 11    XL:     5   Next: 44%
Magic:  1/7        EV: 12    Int: 17    God:
Gold:   163        SH:  0    Dex: 11    Spells: 3/7 levels left

rFire   . . .      SeeInvis .    t - +2 hand axe (elec)
rCold   . . .      Faith    .    (no shield)
rNeg    . . .      Spirit   .    a - +0 robe
rPois   .          Reflect  .    (no helmet)
rElec   .          Harm     .    u - +0 cloak
rCorr   .          Rampage  .    (no gloves)
Will    .....                    (no boots)
Stlth   ++                       (no amulet)
HPRegen 0.27/turn                (no ring)
MPRegen 0.10/turn                (no ring)

@: hasted, very quick
A: no striking features
a: no special abilities


You were on level 4 of the Dungeon.
You visited 1 branch of the dungeon, and saw 4 of its levels.

You collected 163 gold pieces.

Inventory:

Hand Weapons
 i - a +0 hand axe
 t - a +2 hand axe of electrocution (weapon)
Missiles
 m - 2 boomerangs of dispersal
Armour
 a - a +0 robe (worn)
 u - a +0 cloak (worn)
Scrolls
 c - a scroll of magic mapping {unknown}
 e - a scroll of butterflies {unknown}
 j - 2 scrolls of noise {unknown}
 k - 2 scrolls of identify {unknown}
 l - a scroll of amnesia {unknown}
 n - a scroll of teleportation {unknown}
 r - a scroll of torment {unknown}
 s - a scroll of poison {unknown}
 w - a scroll of blinking {unknown}
Potions
 b - a potion of magic
 d - 2 potions of curing
 f - a potion of lignification {unknown}
 g - a potion of ambrosia {unknown}
 h - a potion of resistance {unknown}
 o - a potion of flight {unknown}
 p - a potion of haste
 q - 2 potions of might {unknown}
 v - a potion of heal wounds {unknown}


   Skills:
 + Level 2.8 Fighting
 * Level 3.0 Axes
 + Level 2.1 Armour
 + Level 2.6 Dodging
 - Level 1.5 Stealth
 + Level 1.6 Spellcasting
 + Level 4.1 Necromancy


You had 3 spell levels left.
You knew the following spells:

 Your Spells              Type           Power      Damage    Failure   Level
a - Necrotise             Necr           60%        1d7       3%          1
b - Vampiric Draining     Necr           15%        2d7       11%         3

Your spell library contained the following spells:

 Spells                   Type           Power      Damage    Failure   Level
 Summon Guardian Golem    Hex/Summ       1%         N/A       52%         3
 Animate Dead             Necr           15%        N/A       36%         4
 Agony                    Necr           15%        N/A       71%         5
 Yara's Violent Unravell  Hex/Tmut       0%         3d3       99%         5
 Enfeeble                 Hex            0%         N/A       100%        7
 Orb of Destruction       Conj           0%         9d5       100%        7
 Spellforged Servitor     Conj/Summ      0%         N/A       100%        7


Dungeon Overview and Level Annotations

Branches:
Dungeon (4/15)
 Temple: D:4-7

Altars:
Elyvilon

Annotations:
D:4 Pikel


Message History

Aim: an iguana (almost dead)
You draw life force from the iguana.
You kill the iguana!
You feel life coursing into your body.
Your Axes skill increases to level 3!
Casting: Vampiric Draining (dangerous; 11% risk of failure)
Confirm with . or Enter, or press ? or * to list all spells.
Aiming: Vampiric Draining (dangerous; 11% risk of failure)
Press: ? - help, Shift-Dir - straight line, f - gnoll bouda
Aim: a gnoll bouda, wielding a +0 club and wearing a +0 robe You draw life force from the gnoll bouda.
You feel life coursing into your body. The gnoll bouda barely misses you.
Casting: Vampiric Draining (dangerous; 11% risk of failure)
Confirm with . or Enter, or press ? or * to list all spells.
You don't have enough magic to cast this spell.
Unknown command.
You barely miss the gnoll bouda.
The gnoll bouda is moderately wounded.
The gnoll bouda gazes fiercely through you!
You feel as though you will be weak longer.
The gnoll bouda closely misses you.
You barely miss the gnoll bouda.
The gnoll bouda is moderately wounded.
The gnoll bouda hits you with a +0 club!
* * * LOW HITPOINT WARNING * * *
You hit the gnoll bouda.
The gnoll bouda is heavily wounded.
The gnoll bouda closely misses you.
The orc shouts!
You hit the gnoll bouda.
The gnoll bouda is severely wounded.
The gnoll bouda hits you with a +0 club!
* * * LOW HITPOINT WARNING * * *
It was a potion of curing.
You feel better.
The gnoll bouda hits you with a +0 club!
* * * LOW HITPOINT WARNING * * *
It was a potion of haste.
You feel yourself speed up.
Your attacks no longer feel as feeble.
The gnoll bouda hits you with a +0 club!
You die...

##o##..............#
........#..........##
..#.#............###
..#.#
#.#..#..#†..###### .
.
##....#.##..####..##
.
.........#..##.....#
#..#.....##........#
....####g###)#....###
.... #.@...###..##
#.. ## ##.........#
#...#.###........##
#.....#....##### #
#.......# #.
#.......# ###.#
#..#..###
.....###.#####
.........##


You could see a gnoll bouda.

Vanquished Creatures
  An iguana (D:4)
  5 adders
  A river rat (D:3)
  2 worms
  7 orcs
  6 endoplasms
  6 giant cockroaches
  7 goblins
  5 hobgoblins
  6 kobolds
  3 quokkas
  7 ball pythons
  6 bats
  A frilled lizard (D:2)
  2 rats
65 creatures vanquished.

Vanquished Creatures (collateral kills)
  A hobgoblin (D:2)
  A bat (D:2)
2 creatures vanquished.

Grand Total: 67 creatures vanquished

Notes
Turn   | Place    | Note
-------+----------+-------------------------------------------
     0 | D:1      | ryw the Hill Orc Necromancer began the quest for the Orb.
     0 | D:1      | Reached XP level 1. HP: 14/14 MP: 3/3
    44 | D:1      | Found a faded altar of an unknown god.
    45 | D:1      | Noticed an eye of devastation
    50 | D:1      | Noticed an eye of devastation
    53 | D:1      | Noticed a great orb of eyes
    53 | D:1      | Noticed a shining eye
   200 | D:1      | Reached skill level 1 in Fighting
   423 | D:1      | Reached XP level 2. HP: 23/23 MP: 1/4
   992 | D:2      | Reached skill level 1 in Axes
   992 | D:2      | Reached XP level 3. HP: 26/29 MP: 1/5
   993 | D:2      | Reached skill level 1 in Armour
  1043 | D:2      | Found a white marble altar of Elyvilon.
  1576 | D:2      | Reached XP level 4. HP: 36/36 MP: 4/6
  2389 | D:3      | Learned a level 3 spell: Vampiric Draining
  2766 | D:3      | Reached XP level 5. HP: 32/42 MP: 7/7
  2851 | D:4      | Noticed Pikel
  2851 | D:4      | Noticed a lemure
  2852 | D:4      | Noticed a lemure
  2853 | D:4      | Noticed a lemure
  2853 | D:4      | Noticed a lemure
  2855 | D:4      | Noticed a black bear
  3310 | D:4      | Mangled by a gnoll bouda

Illustrated notes

Levels and vault maps discovered:
D:1:      doesnt_arrival_eight_statues, layout_loops_corners,
          hellmonk_ecumenical_altar_watching_god, hangedman_decor_points,
          minmay_misc_feat_rows
D:2:      layout_rooms, basic_altar, dk_vineyard_1
D:3:      layout_loops_ring, gup_sewer_entry_bowl, minmay_statues_item
D:4:      layout_cave_pools, minmay_fractal_squares_5, uniq_blork_the_orc,
          uniq_pikel

Skill      XL: |  1  2  3  4  5 |
---------------+----------------+-----
Fighting       | 1 2 |  2.8
Dodging        | 2 |  2.6
Axes           | 1 2 3 |  3.0
Armour         | 1 2 |  2.1
Stealth        | |  1.5
Spellcasting   | |  1.6
Necromancy     | |  4.1

Action                   |  1- 3 |  4- 6 || total
-------------------------+-------+-------++-------
Melee: Short sword       |     4 |       ||     4
       Hand axe          |    69 |    58 ||   127
       Punch             |     1 |       ||     1
 Cast: Necrotise         |    45 |    44 ||    89
       Vampiric Draining |       |     2 ||     2
  Use: Potion            |       |     2 ||     2
 Stab: Sleeping          |     1 |     1 ||     2
       Distracted        |     1 |       ||     1
Armor: Robe              |    23 |     8 ||    31
Dodge: Dodged            |    54 |    49 ||   103

Table legend: (Time is in decaauts)
 A = Elapsed time spent in this place.
 B = Non-inter-level travel time spent in this place.
 C = Inter-level travel time spent in this place.
 D = Time resting spent in this place.
 E = Time spent auto-exploring this place.
 F = Levels seen in this place.
 G = Mean time per level.
                   A        B        C        D        E       F      G
               +--------+--------+--------+--------+--------+-----+--------+
         Total |   3345 |   3152 |    193 |    314 |   2193 |   4 |  836.2 |
       Dungeon |   3345 |   3152 |    193 |    314 |   2193 |   4 |  836.2 |
               +--------+--------+--------+--------+--------+-----+--------+

Top non-repeatable levels by time:
     D:3: 1407 daAuts
     D:1: 1032 daAuts
     D:2: 679 daAuts
     D:4: 226 daAuts
